 Dungeon Crawl Stone Soup version 0.29.1-14-g9c671dbff4 (webtiles) character file.

Game seed: 10355431744059677909

1344 plinio the Cleaver (level 8, -10/71 HPs)
             Began as a Hill Orc Berserker on Feb 15, 2023.
             Was a Believer of Trog.
             Mangled by Menkaure (17 damage)
             ... on level 4 of the Dungeon.
             The game lasted 00:24:53 (5697 turns).

plinio the Cleaver (Hill Orc Berserker)             Turns: 5697, Time: 00:24:53

Health: -10/71     AC:  8    Str: 22    XL:     8   Next: 62%
Magic:  8/8        EV: 11    Int: 10    God:    Trog [**....]
Gold:   258        SH:  3    Dex: 10    Spells: 7/7 levels left

rFire   . . .      SeeInvis .   i - +0 war axe
rCold   . . .      Faith    .   o - +0 buckler
rNeg    . . .      Spirit   .   m - +0 ring mail
rPois   .          Reflect  .   c - +1 helmet {Int+3}
rElec   .          Harm     .   (no cloak)
rCorr   +          Rampage  .   r - +0 pair of gloves
Will    .....                   (no boots)
Stlth   +.........              (no amulet)
HPRegen 0.00/turn               q - ring of resist corrosion
MPRegen 0.11/turn               (no ring)

@: on berserk cooldown, inhibited regen, slowed, very slow
A: iridescent scales 1, deformed body, inhibited regeneration
a: Renounce Religion, Berserk, Trog's Hand


You were on level 4 of the Dungeon.
You worshipped Trog.
Trog was pleased with you.
You visited 2 branches of the dungeon, and saw 6 of its levels.

You collected 258 gold pieces.

Inventory:

Hand Weapons
 a - a +0 hand axe
 i - a +0 war axe (weapon)
Missiles
 b - 5 boomerangs (quivered)
 k - 2 throwing nets
Armour
 c - a +1 helmet of intelligence (worn)
 m - a +0 ring mail (worn)
 o - a +0 buckler (worn)
 r - a +0 pair of gloves (worn)
Jewellery
 q - a ring of resist corrosion (left hand)
Scrolls
 g - 2 scrolls of teleportation
 p - a scroll of vulnerability
Potions
 f - 6 potions of curing {unknown}
 h - 2 potions of flight {unknown}
 j - 2 potions of magic {unknown}
 l - 2 potions of might {unknown}
 n - a potion of degeneration {unknown}
 s - 2 potions of lignification {unknown}
 t - a potion of haste {unknown}
 u - 2 potions of heal wounds {unknown}


   Skills:
 + Level 6.5 Fighting
 + Level 9.7 Axes
 + Level 4.7 Armour
 + Level 3.6 Dodging
 + Level 1.6 Stealth
 + Level 0.8 Shields


You had 7 spell levels left.
You didn't know any spells.
Your spell library was empty.

Dungeon Overview and Level Annotations

Branches:
Dungeon (5/15)             Temple (1/1) D:4

Altars:
Ashenzari
Cheibriados
Dithmenos
Elyvilon
Fedhas
Gozag
Makhleb
Okawaru
Qazlal
Sif Muna
Trog
Vehumet
Xom
The Shining One

Shops:
D:4 *

Annotations:
D:4 Menkaure


Innate Abilities, Weirdness & Mutations

You are partially covered in iridescent scales. (AC +2)
Armour fits poorly on your strangely shaped body.
You do not regenerate when monsters are visible.


Message History

Menkaure shouts!
Found a scroll labelled XOCIDU PILUOSA.
Menkaure calls on the powers of darkness!
Your body is wracked with pain!
You slash Menkaure!
Menkaure is heavily damaged.
Menkaure hits you!
As you read the scroll of teleportation, it crumbles to dust.
You feel strangely unstable.
Menkaure gestures wildly while chanting.
Menkaure seems to speed up.
Menkaure giggles, "These cerements are ticklish..."
Your surroundings suddenly seem different.
You start resting.
Menkaure is nearby!
Menkaure calls on the powers of darkness!
Your body is wracked with pain!
* * * LOW HITPOINT WARNING * * *
You see here a +0 dagger.
Items here: ))) [[.
Menkaure calls on the powers of darkness!
Your body is wracked with pain!
* * * LOW HITPOINT WARNING * * *
Menkaure calls on the powers of darkness!
Your body is wracked with pain!
* * * LOW HITPOINT WARNING * * *
It was a potion of mutation.
You feel extremely strange.
Iridescent scales grow over part of your body.
Your body twists and deforms.
Your regeneration stops near monsters.
It was a potion of berserk rage.
A red film seems to cover your vision as you go berserk!
You feel yourself moving faster!
You feel mighty! Menkaure hits you but does no damage.
You feel a strong urge to attack something.
You feel your anger nearly subside.
You are no longer berserk.
You are exhausted.
You feel yourself slow down. Menkaure attacks as you move away!
Menkaure hits you!
You die...

...
#[≈.≈._.§.≈.####
#.##.......≈.≈.#
#..#.≈.≈≈≈≈≈.≈.#
#....≈.......≈.#
#.##.≈≈≈≈≈≈≈≈≈.#
#.##...........#
#..........##..#
##########M##.##
####
#@##.##########...
#...........<...##
#################


You could see Menkaure (fast).

Vanquished Creatures
  Sigmund (D:2)
  The ghost of u553311 the Conjurer, an amateur OpCj of Hepliaklqana (D:4)
  A black bear (D:3)
  The ghost of Pascal76 the Chopper, an amateur PaFi (D:4)
  2 ogres
  A phantom (D:4)
  3 scorpions
  2 hounds (D:4)
  An orc priest (D:5)
  Terence (D:3)
  An iguana (D:5)
  An orc wizard (D:4)
  6 gnolls (D:3)
  4 adders
  A worm (D:2)
  4 dart slugs
  10 orcs
  11 endoplasms
  7 hobgoblins
  3 jackals (D:3)
  5 kobolds
  2 quokkas
  2 ball pythons
  5 bats
  3 frilled lizards
  3 goblins
  4 rats
86 creatures vanquished.

Vanquished Creatures (collateral kills)
  The ghost of u553311 the Trooper, an amateur OgGl (D:4)
1 creature vanquished.

Grand Total: 87 creatures vanquished

Notes
Turn   | Place    | Note
-------+----------+-------------------------------------------
     0 | D:1      | plinio the Hill Orc Berserker began the quest for the Orb.
     0 | D:1      | Reached XP level 1. HP: 19/19 MP: 1/1
   666 | D:1      | Reached XP level 2. HP: 12/27 MP: 2/2
  1349 | D:1      | You fall into a shaft and drop 1 floor!
  1413 | D:2      | Noticed Sigmund
  1426 | D:2      | Killed Sigmund
  1427 | D:2      | Reached skill level 6 in Axes
  1427 | D:2      | Reached XP level 3. HP: 32/35 MP: 3/3
  1427 | D:2      | Reached XP level 4. HP: 38/41 MP: 4/4
  1427 | D:2      | Reached XP level 5. HP: 44/47 MP: 5/5
  2114 | D:2      | Reached skill level 5 in Fighting
  2504 | D:2      | You fall into a shaft and drop 1 floor!
  2659 | D:3      | Reached XP level 6. HP: 56/56 MP: 6/6
  2688 | D:3      | Reached skill level 1 in Stealth
  2755 | D:3      | Reached ** piety under Trog
  2792 | D:3      | Noticed a black bear
  2801 | D:3      | Killed a black bear
  2802 | D:3      | Reached skill level 7 in Axes
  3203 | D:3      | Noticed Terence
  3206 | D:3      | Killed Terence
  3384 | D:4      | Reached XP level 7. HP: 44/61 MP: 7/7
  3553 | D:4      | Found a staircase to the Ecumenical Temple.
  3615 | Temple   | Entered the Ecumenical Temple
  3890 | D:4      | Found a runed translucent gate.
  3891 | D:4      | Found a runed translucent gate.
  3891 | D:4      | Found a runed translucent gate.
  3892 | D:4      | Noticed Pascal76's ghost (amateur PaFi)
  3893 | D:4      | Noticed u553311's ghost (amateur OpCj)
  3893 | D:4      | Noticed u553311's ghost (amateur OgGl)
  3932 | D:4      | Found a shimmering altar of Xom.
  3975 | D:5      | Entered Level 5 of the Dungeon
  3979 | D:5      | HP: 2/61 [iguana (7)]
  4229 | D:5      | Reached skill level 8 in Axes
  4577 | D:5      | Identified the +11 spear of Doyrchobu {spect, rElec Will-
                  | Dex+3}
  4697 | D:5      | Reached XP level 8. HP: 44/70 MP: 8/8
  4994 | D:4      | Found Hanit's Assorted Antiques.
  5045 | D:5      | Found a radiant altar of Vehumet.
  5422 | D:4      | Killed u553311's ghost
  5423 | D:4      | Reached skill level 9 in Axes
  5426 | D:4      | Killed u553311's ghost
  5431 | D:4      | Killed Pascal76's ghost
  5652 | D:4      | Noticed Menkaure
  5691 | D:4      | Gained mutation: You are partially covered in iridescent
                  | scales. (AC +2) [potion of mutation]
  5691 | D:4      | Gained mutation: Armour fits poorly on your strangely
                  | shaped body. [potion of mutation]
  5691 | D:4      | Gained mutation: You do not regenerate when monsters are
                  | visible. [potion of mutation]
  5697 | D:4      | Mangled by Menkaure

Illustrated notes

Levels and vault maps discovered:
D:1:      minmay_arrival_wavy_path, layout_loops_corners,
          minmay_misc_feat_rugged
D:2:      layout_loops_ring, uniq_sigmund
D:3:      layout_loops_ring, uniq_terence
D:4:      layout_loops_ring, mainiacjoe_overflow_concentric_impassable,
          minmay_temple_entry_antechambers, gammafunk_ghost_cemetery,
          serial_shops, nicolae_take_the_stairs, uniq_menkaure
D:5:      layout_loops_cross, lemuel_tele_altar, gammafunk_ghost_split,
          minivault_23, uniq_ijyb, uniq_prince_ribbit1, uniq_crazy_yiuf_cottage
Temple:   nicolae_temple_slightly_damp_pantheon

Skill      XL: |  1  2  3  4  5  6  7  8 |
---------------+-------------------------+-----
Fighting       | 4 5 6 |  6.5
Axes           | 6 7 8 9 |  9.7
Dodging        | 2 3 |  3.6
Stealth        | 1 |  1.6
Armour         | 3 4 |  4.7
Shields        | |  0.8

Action                   |  1- 3 |  4- 6 |  7- 9 || total
-------------------------+-------+-------+-------++-------
Melee: Hand axe          |    52 |     6 |       ||    58
       War axe           |       |    96 |   129 ||   225
Throw: Boomerang         |     1 |     1 |       ||     2
Invok: Berserk           |     1 |     2 |     4 ||     7
  Use: Scroll            |     3 |     2 |     6 ||    11
       Potion            |       |       |     2 ||     2
 Stab: Sleeping          |     1 |       |       ||     1
Armor: Animal skin       |     5 |       |       ||     5
       Robe              |     4 |    19 |       ||    23
       Ring mail         |       |    18 |    47 ||    65
Dodge: Dodged            |    25 |    76 |    63 ||   164
Block: Buckler           |       |       |    11 ||    11
